 Dungeon Crawl Stone Soup version 0.29-a0-323-g050149af67 (webtiles) character file.

Game seed: 13508258543645721790

163 hellse the Quickloader (level 5, -1/45 HPs)
             Began as a Kobold Hunter on Apr 11, 2022.
             Slain by an iguana (7 damage)
             ... on level 3 of the Dungeon.
             The game lasted 00:02:00 (2317 turns).

hellse the Quickloader (Kobold Hunter)              Turns: 2317, Time: 00:02:01

Health: -1/45      AC: 22    Str: 11    XL:     5   Next: 73%
Magic:  5/5        EV:  3    Int: 10    God:
Gold:   205        SH:  0    Dex: 18    Spells: 4/4 levels left

rFire   . . .      SeeInvis .   a - +1 hand crossbow
rCold   . . .      Faith    .   (no shield)
rNeg    . . .      Spirit   .   (body armour currently unavailable)
rPois   +          Reflect  .   (helmet currently unavailable)
rElec   .          Harm     .   (cloak currently unavailable)
rCorr   .          Rampage  .   (gloves currently unavailable)
Will    .....      NoTele   +   (boots currently unavailable)
Stlth   +++.......              (no amulet)
HPRegen 0.15/turn               (no ring)
MPRegen 0.09/turn               (no ring)

@: tree-form
A: stationary, stasis, torment immunity, boosted hp, small, no large weapons,
nightstalker 3
a: no special abilities


You were on level 3 of the Dungeon.
You were a tree.
You visited 1 branch of the dungeon, and saw 3 of its levels.

You collected 205 gold pieces.

Inventory:

Hand Weapons
 a - a +1 hand crossbow (weapon)
Armour
 b - a +0 leather armour
 k - a +0 ring mail
 l - a +0 scale mail (melded)
Jewellery
 i - a ring of ice
 p - a ring of see invisible
Scrolls
 c - 2 scrolls of immolation
 e - 4 scrolls of identify {unknown}
 h - a scroll of teleportation {unknown}
 m - a scroll of magic mapping {unknown}
 n - a scroll of fog {unknown}
 q - a scroll of brand weapon {unknown}
 r - a scroll of enchant armour {unknown}
 t - a scroll of fear {unknown}
Potions
 d - a potion of cancellation {unknown}
 f - a potion of resistance {unknown}
 g - a potion of heal wounds {unknown}
 o - a potion of brilliance {unknown}
 s - a potion of flight {unknown}
 u - 2 potions of curing {unknown}


   Skills:
 - Level 2.1 Fighting
 + Level 8.6 Crossbows
 - Level 2.4 Dodging
 - Level 1.3 Stealth


You had 4 spell levels left.
You didn't know any spells.
Your spell library contained the following spells:

 Spells                   Type           Power      Damage    Failure   Level
 Foxfire                  Conj/Fire      0%         2x1d4     36%         1
 Sandblast                Erth           0%         2d4       36%         1
 Passwall                 Tmut/Erth      0%         N/A       50%         2
 Conjure Flame            Conj/Fire      0%         6-21      75%         3
 Ignite Poison            Fire/Tmut/Pois 0%         N/A       75%         3
 Inner Flame              Hex/Fire       0%         N/A       75%         3
 Stone Arrow              Conj/Erth      0%         3d7       75%         3
 Flame Wave               Conj/Fire      0%         2d4       98%         4
 Sticky Flame             Conj/Fire      0%         2d3       98%         4


Dungeon Overview and Level Annotations

Branches:
Dungeon (3/15)

Altars:
Fedhas


Innate Abilities, Weirdness & Mutations

You are a tree.
Your roots penetrate the ground, keeping you stationary.
You cannot be teleported.
You are immune to unholy pain and torment.
Your maximum health is greatly increased.
Your equipment is partially melded.
You are small and have problems with some larger weapons.
You are completely attuned to the shadows.


Message History

Press: ? - help, Q - select action Shift-Dir - straight line, f/p - iguana
Aim: an iguana (lightly wounded, 71% to hit)
You shoot a bolt. The bolt barely misses the iguana.
The iguana bites you but does no damage.
Unknown command.
Shoot: a) +1 hand crossbow
Press: ? - help, Q - select action Shift-Dir - straight line, f/p - iguana
Aim: an iguana (lightly wounded, 71% to hit)
You shoot a bolt.
The bolt hits the iguana but does no damage.
The iguana is lightly wounded.
The iguana bites you but does no damage.
Shoot: a) +1 hand crossbow
Press: ? - help, Q - select action Shift-Dir - straight line, f/p - iguana
Aim: an iguana (lightly wounded, 71% to hit)
You shoot a bolt. The bolt completely misses the iguana.
The iguana bites you.
* * * LOW HITPOINT WARNING * * *
Shoot: a) +1 hand crossbow
Press: ? - help, Q - select action Shift-Dir - straight line, f/p - iguana
Aim: an iguana (lightly wounded, 71% to hit)
You shoot a bolt. The bolt hits the iguana.
The iguana is moderately wounded.
The iguana bites you but does no damage.
Shoot: a) +1 hand crossbow
Press: ? - help, Q - select action Shift-Dir - straight line, f/p - iguana
Aim: an iguana (moderately wounded, 71% to hit)
You shoot a bolt. The bolt hits the iguana.
The iguana is heavily wounded.
The iguana bites you but does no damage.
Shoot: a) +1 hand crossbow
Press: ? - help, Q - select action Shift-Dir - straight line, f/p - iguana
Aim: an iguana (heavily wounded, 71% to hit)
You shoot a bolt.
The bolt hits the iguana but does no damage.
The iguana is heavily wounded.
The iguana bites you.
* * * LOW HITPOINT WARNING * * *
The iguana bites you!
You die...

# #...g##+# #'##...## ##+ #..###
#..###..# #. ### #.##†# #..#)##.#
#. ..# #.'.)# #.l.#..#..'.# ##.
#.# #.##.# #...#..#.##.###.. ..#
#..### #...# ###....... #.#
#....####..$####...##.#..
#.#######.##....##)##....####.##.
..........#####.♣l..........#.###
########### #########..........
###########


You could see an iguana.

Vanquished Creatures
  A wight (D:3)
  3 gnolls (D:3)
  3 adders
  A dart slug (D:3)
  An orc (D:3)
  A ball python (D:1)
  5 bats
  7 endoplasms
  2 giant cockroaches
  6 goblins
  6 hobgoblins
  4 kobolds
  A quokka (D:1)
  5 frilled lizards
  9 rats
55 creatures vanquished.

Notes
Turn   | Place    | Note
-------+----------+-------------------------------------------
     0 | D:1      | hellse the Kobold Hunter began the quest for the Orb.
     0 | D:1      | Reached XP level 1. HP: 12/12 MP: 1/1
    45 | D:1      | Reached XP level 2. HP: 12/17 MP: 2/2
   181 | D:1      | Reached skill level 6 in Crossbows
   745 | D:2      | Reached XP level 3. HP: 21/21 MP: 3/3
  1240 | D:2      | Found a faded altar of an unknown god.
  1281 | D:2      | Reached skill level 7 in Crossbows
  1288 | D:2      | Reached XP level 4. HP: 26/26 MP: 4/4
  1977 | D:3      | Reached XP level 5. HP: 30/30 MP: 5/5
  1987 | D:3      | Found a blossoming altar of Fedhas.
  2195 | D:3      | Reached skill level 8 in Crossbows
  2317 | D:3      | Slain by an iguana

Illustrated notes

Levels and vault maps discovered:
D:1:      dpeg_arrival_fog, layout_basic, fountainhead, serial_bayou_crossing
D:2:      layout_basic, hellmonk_ecumenical_altar_pennies_from_heaven,
          minmay_misc_feat_roman, palyth_stone_intersect
D:3:      layout_loops_corners, fedhas_altar_4, gammafunk_ghost_cemetery,
          minmay_divided_ellipse

Skill      XL: |  1  2  3  4  5 |
---------------+----------------+-----
Crossbows      | 6 7 8 |  8.6
Fighting       | |  2.1
Dodging        | |  2.4
Stealth        | |  1.3

Action                   |  1- 3 |  4- 6 || total
-------------------------+-------+-------++-------
 Fire: Hand crossbow     |    88 |    70 ||   158
  Use: Potion            |       |     2 ||     2
Armor: Leather armour    |     2 |       ||     2
       Scale mail        |    15 |     9 ||    24
       Skin              |       |    13 ||    13
Dodge: Dodged            |    27 |    20 ||    47

Table legend: (Time is in decaauts)
 A = Elapsed time spent in this place.
 B = Non-inter-level travel time spent in this place.
 C = Inter-level travel time spent in this place.
 D = Time resting spent in this place.
 E = Time spent auto-exploring this place.
 F = Levels seen in this place.
 G = Mean time per level.
                   A        B        C        D        E       F      G
               +--------+--------+--------+--------+--------+-----+--------+
         Total |   2391 |   2289 |    102 |    261 |   1681 |   3 |  797.0 |
       Dungeon |   2391 |   2289 |    102 |    261 |   1681 |   3 |  797.0 |
               +--------+--------+--------+--------+--------+-----+--------+

Top non-repeatable levels by time:
     D:2: 852 daAuts
     D:1: 769 daAuts
     D:3: 768 daAuts
